Brampton Battalion vs Victoriaville Tigres

Created - 20 octobre 2021 at 13:44

Goals
1 2 3 T
Brampton Battalion 1 2 1 4
Victoriaville Tigres 0 1 0 1
Shots
1 2 3 T
Brampton Battalion 16 21 4 41
Victoriaville Tigres 11 12 10 33

1st period

1. Brampton Battalion , Morgan Geekie 1 (Jake Bean 2, Frederik Gauthier 1) at 10:20

Penalties :
Trent Frederic (BAT) for Cross-checking (Minor) at 17:00

2nd period

2. Brampton Battalion , Kole Sherwood 1 (James Sanchez 2) at 13:43
3. Victoriaville Tigres , Jacob Perreault 1 (Benoit-Olivier Groulx 1) at 17:09
4. Brampton Battalion , Frederik Gauthier 2 (Trent Frederic 1) at 17:19

Penalties :
Joel Hofer (TIG) for Slashing (Minor) at 1:37 - Greg McKegg served the penalty, Greg McKegg (TIG) for Fighting (Major) at 17:22, Dennis Gilbert (BAT) for Fighting (Major) at 17:22

3rd period

5. Brampton Battalion , Owen Tippett 3 (Dennis Gilbert 1, Jake Bean 3) at 4:15 (PP)

Penalties :
Kevin Stenlund (TIG) for Interference (Minor) at 3:56, Trent Frederic (BAT) for Holding (Minor) at 5:28, James Sanchez (BAT) for Diving (Minor) at 10:04, Martin Kaut (BAT) for Slashing (Minor) at 14:48

Goalie Stats

Garret Sparks (BAT), 32 saves from 33 shots - (0,970), W, 2-0-0, 60:00 minutes
Joel Hofer (TIG), 37 saves from 41 shots - (0,902), L, 1-1-0, 60:00 minutes

Players Stats for Brampton Battalion

Player Name              G  A  P  +/- PIM S  H  SB GA TA FO     MP     PP MP  PK MP  
------------------------------------------------------------------------------------
Austin Poganski          0  0  0   0  0   3  0  0  0  0  0/0     9:16   0:00   0:00 
Barrett Hayton           0  0  0  -1  0   3  2  0  2  0  11/24  20:44   1:22   4:12 
Cam Dineen               0  0  0   1  0   1  0  2  0  1  0/0    20:01   0:41   3:14 
Dennis Gilbert           0  1  1   1  5   3  1  3  0  0  0/0    23:49   1:37   4:42 
Frederik Gauthier        1  1  2   2  0   6  2  0  0  0  7/11   15:50   0:56   1:56 
Hunter Skinner           0  0  0   0  0   1  4  0  0  0  0/0    14:34   0:00   0:00 
Jake Bean                0  2  2   1  0   2  1  1  0  0  0/0    26:01   1:37   4:42 
James Sanchez            0  1  1   1  2   3  2  2  1  0  0/1    13:56   0:00   1:35 
Kole Sherwood            1  0  1   1  0   1  1  0  0  0  0/0    14:03   0:00   2:03 
Kristian Vesalainen      0  0  0   0  0   0  0  0  0  0  0/0     9:41   0:00   0:03 
Leon Gawanke             0  0  0   0  0   0  0  0  0  0  0/0    15:31   0:00   0:00 
Mark Kastelic            0  0  0   0  0   1  0  0  0  0  2/4     9:16   0:00   0:00 
Martin Kaut              0  0  0  -1  2   1  3  1  1  0  0/0    16:51   1:22   0:00 
Morgan Geekie            1  0  1   2  0   2  0  0  0  0  0/1    13:54   0:56   0:00 
Owen Tippett             1  0  1  -1  0   5  0  0  0  0  3/5    20:44   1:22   4:12 
Paul Cotter              0  0  0   1  0   2  3  1  0  0  1/2    12:29   0:00   0:27 
Trent Frederic           0  1  1   2  4   3  4  1  0  0  0/0    15:16   0:56   1:24 
Zach Trotman             0  0  0   1  0   4  0  2  0  0  0/0    20:03   0:41   3:14 

Players Stats for Victoriaville Tigres

Player Name              G  A  P  +/- PIM S  H  SB GA TA FO     MP     PP MP  PK MP  
------------------------------------------------------------------------------------
Alexandre Carrier        0  0  0  -1  0   1  0  3  0  0  0/0    27:10   4:58   1:10 
Benoit-Olivier Groulx    0  1  1   1  0   4  2  0  0  0  2/5    16:44   0:00   0:52 
Chase De Leo             0  0  0   0  0   2  1  0  0  1  3/5     8:06   0:07   0:00 
Conor Timmins            0  0  0   0  0   0  0  1  0  0  0/0    12:21   0:00   0:00 
Dillon Simpson           0  0  0  -1  0   0  0  2  0  1  0/0    27:10   4:58   1:10 
Greg McKegg              0  0  0  -3  5   0  1  0  1  0  1/1    17:08   4:11   0:00 
Isaak Phillips           0  0  0   0  0   0  0  0  0  0  0/0    12:21   0:00   0:00 
Jack Studnicka           0  0  0   0  0   0  0  0  0  0  0/0     4:55   0:07   0:00 
Jacob Perreault          1  0  1   1  0   4  2  1  0  0  0/0    15:04   0:00   0:00 
Jalen Chatfield          0  0  0  -1  0   0  2  0  0  1  0/0    20:29   2:58   1:08 
Josiah Slavin            0  0  0   0  0   1  0  0  0  0  0/0     7:02   0:00   0:00 
Keaton Middleton         0  0  0  -1  0   0  2  2  0  1  0/0    20:29   2:58   1:08 
Kevin Stenlund           0  0  0  -3  2   3  2  0  0  0  2/2    18:14   4:11   0:15 
Kole Lind                0  0  0   0  0   5  3  0  0  0  0/0    15:44   3:38   0:00 
Nic Petan                0  0  0  -3  0   4  1  0  0  0  10/25  23:29   4:11   0:39 
Stefan Matteau           0  0  0   0  0   2  2  0  0  0  0/0    16:22   3:38   0:38 
Tyler Steenbergen        0  0  0   1  0   3  4  0  0  0  0/1    17:28   0:07   1:20 
Yakov Trenin             0  0  0   0  0   4  3  0  0  0  6/9    17:24   3:38   0:52 

3 Stars

1 - Garret Sparks (BAT)
2 - Frederik Gauthier (BAT)
3 - Morgan Geekie (BAT)

Power Play

Brampton Battalion - 1 on 2 Attempt(s) - 50,00%
Victoriaville Tigres - 0 on 4 Attempt(s) - 0,00%

Penalty Kill

Brampton Battalion - 4 on 4 Attempt(s) - 100,00% - Score 0 goal in Penalty Kill
Victoriaville Tigres - 1 on 2 Attempt(s) - 50,00% - Score 0 goal in Penalty Kill

Team Stat

Brampton Battalion - Hits : 23 - Faceoff Wins : 24 - Blocked Shots : 13 - Penalty Minutes : 13
Victoriaville Tigres - Hits : 25 - Faceoff Wins : 24 - Blocked Shots : 9 - Penalty Minutes : 9

Official

Referees : Mike Sheehan and Gord Dwyer
Linesman : Mark Shewchyk and Jim Harper

Game Notes

Dennis Gilbert beats up Greg McKegg at 17:22 of 2nd period

Finance

Level 1 -- Attendance: 1476 (73,80%) -- Ticket Income 51 660 $
Level 2 -- Attendance: 702 (70,20%) -- Ticket Income 10 530 $
Total Attendance: 2178 (72,60%)
Total Ticket Income: 62 190 $
Other Income: 30 473 $
Total Income: 92 663 $

Brampton Battalion

5 vs 5 Forward 
   Center                   Left Wing                Right Wing               Time % Phy DF OF 
 1 Barrett Hayton           Owen Tippett             Martin Kaut              40     1   2  2  
 2 Frederik Gauthier        Trent Frederic           Morgan Geekie            30     1   2  2  
 3 Paul Cotter              James Sanchez            Kole Sherwood            20     1   2  2  
 4 Mark Kastelic            Kristian Vesalainen      Austin Poganski          10     1   2  2  

5 vs 5 Defense 
   Defense                  Defense                                           Time % Phy DF OF 
 1 Jake Bean                Dennis Gilbert                                    40     1   2  2  
 2 Zach Trotman             Cam Dineen                                        30     1   2  2  
 3 Leon Gawanke             Hunter Skinner                                    20     1   2  2  
 4 Jake Bean                Dennis Gilbert                                    10     1   2  2  

PowerPlay Forward 
   Center                   Left Wing                Right Wing               Time % Phy DF OF 
 1 Barrett Hayton           Owen Tippett             Martin Kaut              60     1   2  2  
 2 Frederik Gauthier        Trent Frederic           Morgan Geekie            40     1   2  2  

PowerPlay Defense
   Defense                  Defense                                           Time % Phy DF OF 
 1 Jake Bean                Dennis Gilbert                                    60     1   2  2  
 2 Zach Trotman             Cam Dineen                                        40     1   2  2  

Penalty Kill 4 Players Forward 
   Center                   Wing                     Time % Phy DF OF 
 1 Owen Tippett             Barrett Hayton           60     1   2  2  
 2 Frederik Gauthier        Trent Frederic           40     1   2  2  

Penalty Kill 4 Players Defense
   Defense                  Defense                  Time % Phy DF OF 
 1 Jake Bean                Dennis Gilbert           60     1   2  2  
 2 Zach Trotman             Cam Dineen               40     1   2  2  

Penalty Kill - 3 Players Forward 
   Forward                                           Time % Phy DF OF 
 1 Owen Tippett                                      60     1   2  2  
 2 Barrett Hayton                                    40     1   2  2  

Penalty Kill - 3 Players Defense
   Defense                  Defense                  Time % Phy DF OF 
 1 Jake Bean                Dennis Gilbert           60     1   2  2  
 2 Zach Trotman             Cam Dineen               40     1   2  2  

4 vs 4 Forward 
   Center                   Wing                     Time % Phy DF OF 
 1 Owen Tippett             Barrett Hayton           60     1   2  2  
 2 Frederik Gauthier        Trent Frederic           40     1   2  2  

4 vs 4 Defense
   Defense                  Defense                  Time % Phy DF OF 
 1 Jake Bean                Dennis Gilbert           60     1   2  2  
 2 Zach Trotman             Cam Dineen               40     1   2  2  

Last Minutes Offensive
   Center                   Left Wing                Right Wing               Defense                  Defense                  
   Barrett Hayton           Owen Tippett             Martin Kaut              Jake Bean                Dennis Gilbert           

Last Minutes Defensive
   Center                   Left Wing                Right Wing               Defense                  Defense                  
   Barrett Hayton           Owen Tippett             Martin Kaut              Jake Bean                Dennis Gilbert           

Goaltenders
Starting : Garret Sparks            
Backup : Calvin Pickard           

Extra Forwards
Normal : Paul Cotter, James Sanchez, Kole Sherwood - PP : Paul Cotter, James Sanchez - PK : Kole Sherwood
Extra Defensemen
Normal : Leon Gawanke, Hunter Skinner, Zach Trotman - PP : Leon Gawanke - PK : Hunter Skinner, Zach Trotman
Penalty Shots
Owen Tippett, Barrett Hayton, Frederik Gauthier, Trent Frederic, Martin Kaut

Scratches
Andy Welinski (Broken Left Thumb Injury), Alexandre Fortin (Healthy), Matt Abt (Healthy), Josh Teves (Healthy), Curtis Hall (Healthy)
Ryan O'Rourke (Healthy), Matt Villalta (Healthy), Brad Thiessen (Healthy)

Victoriaville Tigres

5 vs 5 Forward 
   Center                   Left Wing                Right Wing               Time % Phy DF OF 
 1 Nic Petan                Greg McKegg              Kevin Stenlund           40     1   2  2  
 2 Yakov Trenin             Stefan Matteau           Kole Lind                30     1   2  2  
 3 Benoit-Olivier Groulx    Tyler Steenbergen        Jacob Perreault          20     1   2  2  
 4 Chase De Leo             Josiah Slavin            Nic Petan                10     1   2  2  

5 vs 5 Defense 
   Defense                  Defense                                           Time % Phy DF OF 
 1 Alexandre Carrier        Dillon Simpson                                    40     1   2  2  
 2 Keaton Middleton         Jalen Chatfield                                   30     1   2  2  
 3 Conor Timmins            Isaak Phillips                                    20     1   2  2  
 4 Alexandre Carrier        Dillon Simpson                                    10     1   2  2  

PowerPlay Forward 
   Center                   Left Wing                Right Wing               Time % Phy DF OF 
 1 Nic Petan                Greg McKegg              Kevin Stenlund           60     1   2  2  
 2 Yakov Trenin             Stefan Matteau           Kole Lind                40     1   2  2  

PowerPlay Defense
   Defense                  Defense                                           Time % Phy DF OF 
 1 Alexandre Carrier        Dillon Simpson                                    60     1   2  2  
 2 Keaton Middleton         Jalen Chatfield                                   40     1   2  2  

Penalty Kill 4 Players Forward 
   Center                   Wing                     Time % Phy DF OF 
 1 Nic Petan                Kevin Stenlund           60     1   2  2  
 2 Yakov Trenin             Benoit-Olivier Groulx    40     1   2  2  

Penalty Kill 4 Players Defense
   Defense                  Defense                  Time % Phy DF OF 
 1 Alexandre Carrier        Dillon Simpson           60     1   2  2  
 2 Keaton Middleton         Jalen Chatfield          40     1   2  2  

Penalty Kill - 3 Players Forward 
   Forward                                           Time % Phy DF OF 
 1 Nic Petan                                         60     1   2  2  
 2 Kevin Stenlund                                    40     1   2  2  

Penalty Kill - 3 Players Defense
   Defense                  Defense                  Time % Phy DF OF 
 1 Alexandre Carrier        Dillon Simpson           60     1   2  2  
 2 Keaton Middleton         Jalen Chatfield          40     1   2  2  

4 vs 4 Forward 
   Center                   Wing                     Time % Phy DF OF 
 1 Nic Petan                Kevin Stenlund           60     1   2  2  
 2 Yakov Trenin             Benoit-Olivier Groulx    40     1   2  2  

4 vs 4 Defense
   Defense                  Defense                  Time % Phy DF OF 
 1 Alexandre Carrier        Dillon Simpson           60     1   2  2  
 2 Keaton Middleton         Jalen Chatfield          40     1   2  2  

Last Minutes Offensive
   Center                   Left Wing                Right Wing               Defense                  Defense                  
   Nic Petan                Greg McKegg              Kevin Stenlund           Alexandre Carrier        Dillon Simpson           

Last Minutes Defensive
   Center                   Left Wing                Right Wing               Defense                  Defense                  
   Nic Petan                Greg McKegg              Kevin Stenlund           Alexandre Carrier        Dillon Simpson           

Goaltenders
Starting : Joel Hofer               
Backup : Tyler Wall               

Extra Forwards
Normal : Jack Studnicka, Chase De Leo, Tyler Steenbergen - PP : Jack Studnicka, Chase De Leo - PK : Tyler Steenbergen
Extra Defensemen
Normal : Conor Timmins, Isaak Phillips, Keaton Middleton - PP : Conor Timmins - PK : Isaak Phillips, Keaton Middleton
Penalty Shots
Nic Petan, Kevin Stenlund, Yakov Trenin, Benoit-Olivier Groulx, Chase De Leo

Scratches
Brett Seney (Healthy), Gregor MacLeod (Healthy), Luke Evangelista (Healthy), Karlis Cukste (Healthy), Shane Starrett (Healthy)
Callum Booth (Healthy)

% Time on Ice - Brampton Battalion

Lines # - Real PCT - Wanted PCT - Time Play
Normal Forward
1 - 32% - 40% - 15:52
2 - 26% - 30% - 12:58
3 - 23% - 20% - 11:40
4 - 19% - 10% - 9:16
Normal Defense
1 - 35% - 40% - 17:33
2 - 32% - 30% - 16:06
3 - 28% - 20% - 13:58
4 - 4% - 10% - 2:09
PP Forward
1 - 59% - 60% - 1:22
2 - 41% - 40% - 0:56
PP Defense
1 - 70% - 60% - 1:37
2 - 30% - 40% - 0:41
PK Forward
1 - 76% - 60% - 6:00
2 - 24% - 40% - 1:56
PK Defense
1 - 59% - 60% - 4:42
2 - 41% - 40% - 3:14
PK3 Forward
1 - 0% - 60%
2 - 0% - 40%
PK3 Defense
1 - 0% - 60%
2 - 0% - 40%
44 Forward
1 - 0% - 60%
2 - 0% - 40%
44 Defense
1 - 0% - 60%
2 - 0% - 40%
Last Minute Offensive  - 0:00
Last Minute Defensive  - 0:00
Total
Forward - 60:00
Defense - 60:00

% Time on Ice - Victoriaville Tigres

Lines # - Real PCT - Wanted PCT - Time Play
Normal Forward
1 - 28% - 40% - 14:10
2 - 27% - 30% - 13:30
3 - 30% - 20% - 15:04
4 - 14% - 10% - 7:02
Normal Defense
1 - 37% - 40% - 18:26
2 - 33% - 30% - 16:23
3 - 25% - 20% - 12:21
4 - 5% - 10% - 2:36
PP Forward
1 - 53% - 60% - 4:13
2 - 47% - 40% - 3:43
PP Defense
1 - 63% - 60% - 4:58
2 - 37% - 40% - 2:58
PK Forward
1 - 62% - 60% - 1:26
2 - 38% - 40% - 0:52
PK Defense
1 - 51% - 60% - 1:10
2 - 49% - 40% - 1:08
PK3 Forward
1 - 0% - 60%
2 - 0% - 40%
PK3 Defense
1 - 0% - 60%
2 - 0% - 40%
44 Forward
1 - 0% - 60%
2 - 0% - 40%
44 Defense
1 - 0% - 60%
2 - 0% - 40%
Last Minute Offensive  - 0:00
Last Minute Defensive  - 0:00
Total
Forward - 60:00
Defense - 60:00

Play-by-Play

1st period


0:01 of 1st period - Kevin Stenlund wins face-off versus Barrett Hayton in neutral zone.
0:06 of 1st period - Backhand shot by Kevin Stenlund.
0:06 of 1st period - Shot Misses the Net.
0:26 of 1st period - Jake Bean is hit by Yakov Trenin and loses puck.
0:31 of 1st period - Wrist shot by Kole Lind.
0:31 of 1st period - Stopped by Garret Sparks with a rebound.
0:51 of 1st period - Zach Trotman is hit by Benoit-Olivier Groulx and loses puck.
1:30 of 1st period - Snap shot by Kole Lind.
1:30 of 1st period - Stopped by Garret Sparks with a rebound.
1:32 of 1st period - Slapshot by Yakov Trenin.
1:32 of 1st period - Shot Misses the Net.
2:09 of 1st period - Alexandre Carrier is hit by Hunter Skinner and loses puck.
2:20 of 1st period - Martin Kaut is hit by Stefan Matteau and loses puck.
2:27 of 1st period - Stefan Matteau is hit by Martin Kaut.
2:33 of 1st period - Alexandre Carrier is hit by Barrett Hayton and loses puck.
2:41 of 1st period - Icing by Alexandre Carrier.
2:42 of 1st period - Mark Kastelic wins face-off versus Benoit-Olivier Groulx in Victoriaville Tigres zone.
2:45 of 1st period - Snap shot by Kristian Vesalainen.
2:45 of 1st period - Deflect By Austin Poganski.
2:45 of 1st period - Stopped by Joel Hofer with a rebound.
2:55 of 1st period - Snap shot by Tyler Steenbergen.
2:55 of 1st period - Shot Misses the Net.
2:57 of 1st period - Wrist shot by Tyler Steenbergen.
2:57 of 1st period - Shot Blocked by Zach Trotman.
3:07 of 1st period - Stefan Matteau is hit by Frederik Gauthier and loses puck.
3:16 of 1st period - Snap shot by Trent Frederic.
3:16 of 1st period - Stopped by Joel Hofer with a rebound.
3:18 of 1st period - Snap shot by Cam Dineen.
3:18 of 1st period - Stopped by Joel Hofer with a rebound.
3:46 of 1st period - Zach Trotman is hit by Jalen Chatfield and loses puck.
3:55 of 1st period - Snap shot by Kole Sherwood.
3:55 of 1st period - Shot Misses the Net.
5:00 of 1st period - Benoit-Olivier Groulx is hit by Hunter Skinner and loses puck.
5:14 of 1st period - Slapshot by Barrett Hayton.
5:14 of 1st period - Shot Misses the Net.
5:33 of 1st period - Wrist shot by Owen Tippett.
5:33 of 1st period - Shot Blocked by Conor Timmins.
5:35 of 1st period - Slapshot by Hunter Skinner.
5:35 of 1st period - Shot Misses the Net.
5:37 of 1st period - Slapshot by Dennis Gilbert.
5:37 of 1st period - Stopped by Joel Hofer with a rebound.
5:39 of 1st period - Slapshot by Hunter Skinner.
5:39 of 1st period - Shot Misses the Net.
5:41 of 1st period - Backhand shot by Jake Bean.
5:41 of 1st period - Shot Misses the Net.
5:43 of 1st period - Slapshot by Leon Gawanke.
5:43 of 1st period - Deflect By Martin Kaut.
5:43 of 1st period - Shot Misses the Net.
5:43 of 1st period - Puck is out of play.
5:44 of 1st period - Frederik Gauthier wins face-off versus Nic Petan in Victoriaville Tigres zone.
5:57 of 1st period - Snap shot by Frederik Gauthier.
5:57 of 1st period - Stopped by Joel Hofer with a rebound.
5:59 of 1st period - Slapshot by Frederik Gauthier.
5:59 of 1st period - Stopped by Joel Hofer with a rebound.
6:18 of 1st period - Snap shot by Kole Lind.
6:18 of 1st period - Shot Blocked by Dennis Gilbert.
6:20 of 1st period - Snap shot by Kole Lind.
6:20 of 1st period - Shot Misses the Net.
6:44 of 1st period - Snap shot by James Sanchez.
6:44 of 1st period - Shot Blocked by Keaton Middleton.
6:56 of 1st period - Slapshot by James Sanchez.
6:56 of 1st period - Stopped by Joel Hofer with a rebound.
6:58 of 1st period - Snap shot by Jake Bean.
6:58 of 1st period - Stopped by Joel Hofer with a rebound.
7:00 of 1st period - Wrist shot by Paul Cotter.
7:00 of 1st period - Stopped by Joel Hofer without a rebound.
7:01 of 1st period - Yakov Trenin wins face-off versus Frederik Gauthier in Victoriaville Tigres zone.
7:08 of 1st period - Alexandre Carrier is hit by Trent Frederic and loses puck.
7:56 of 1st period - Snap shot by Nic Petan.
7:56 of 1st period - Shot Misses the Net.
9:21 of 1st period - Yakov Trenin is hit by James Sanchez and loses puck.
9:44 of 1st period - Wrist shot by Benoit-Olivier Groulx.
9:44 of 1st period - Stopped by Garret Sparks without a rebound.
9:45 of 1st period - Benoit-Olivier Groulx wins face-off versus Barrett Hayton in Brampton Battalion zone.
9:50 of 1st period - Slapshot by Benoit-Olivier Groulx.
9:50 of 1st period - Shot Misses the Net.
10:00 of 1st period - Snap shot by Tyler Steenbergen.
10:00 of 1st period - Shot Misses the Net.
10:12 of 1st period - Wrist shot by Tyler Steenbergen.
10:12 of 1st period - Stopped by Garret Sparks without a rebound.
10:13 of 1st period - Frederik Gauthier wins face-off versus Nic Petan in Brampton Battalion zone.
10:20 of 1st period - Snap shot by Morgan Geekie.
10:20 of 1st period - Goal by Morgan Geekie - Brampton Battalion : 1 - Victoriaville Tigres : 0.
10:21 of 1st period - Barrett Hayton wins face-off versus Nic Petan in neutral zone.
10:51 of 1st period - Snap shot by Kole Lind.
10:51 of 1st period - Shot Misses the Net.
11:32 of 1st period - Snap shot by Tyler Steenbergen.
11:32 of 1st period - Deflect By Leon Gawanke.
11:32 of 1st period - Shot Misses the Net.
11:32 of 1st period - Puck is out of play.
11:33 of 1st period - Mark Kastelic wins face-off versus Benoit-Olivier Groulx in Brampton Battalion zone.
12:12 of 1st period - Snap shot by Benoit-Olivier Groulx.
12:12 of 1st period - Deflect By Zach Trotman.
12:12 of 1st period - Shot Misses the Net.
12:12 of 1st period - Puck is out of play.
12:13 of 1st period - Barrett Hayton wins face-off versus Nic Petan in Brampton Battalion zone.
13:13 of 1st period - Snap shot by Tyler Steenbergen.
13:13 of 1st period - Stopped by Garret Sparks with a rebound.
13:15 of 1st period - Wrist shot by Tyler Steenbergen.
13:15 of 1st period - Shot Misses the Net.
13:17 of 1st period - Snap shot by Tyler Steenbergen.
13:17 of 1st period - Stopped by Garret Sparks with a rebound.
13:27 of 1st period - Isaak Phillips is hit by Martin Kaut and loses puck.
13:39 of 1st period - Icing by Barrett Hayton.
13:40 of 1st period - Yakov Trenin wins face-off versus Frederik Gauthier in Brampton Battalion zone.
13:53 of 1st period - Snap shot by Kole Lind.
13:53 of 1st period - Stopped by Garret Sparks without a rebound.
13:54 of 1st period - Nic Petan wins face-off versus Barrett Hayton in Brampton Battalion zone.
14:07 of 1st period - Backhand shot by Nic Petan.
14:07 of 1st period - Stopped by Garret Sparks with a rebound.
14:09 of 1st period - Snap shot by Nic Petan.
14:09 of 1st period - Stopped by Garret Sparks with a rebound.
15:03 of 1st period - Slapshot by Austin Poganski.
15:03 of 1st period - Shot Misses the Net.
15:05 of 1st period - Wrist shot by Zach Trotman.
15:05 of 1st period - Stopped by Joel Hofer with a rebound.
15:07 of 1st period - Snap shot by Austin Poganski.
15:07 of 1st period - Stopped by Joel Hofer with a rebound.
15:09 of 1st period - Snap shot by Mark Kastelic.
15:09 of 1st period - Stopped by Joel Hofer with a rebound.
16:02 of 1st period - Wrist shot by Paul Cotter.
16:02 of 1st period - Deflect By James Sanchez.
16:02 of 1st period - Stopped by Joel Hofer with a rebound.
16:08 of 1st period - James Sanchez is hit by Jacob Perreault.
16:45 of 1st period - Snap shot by Barrett Hayton.
16:45 of 1st period - Stopped by Joel Hofer with a rebound.
16:47 of 1st period - Slapshot by Dennis Gilbert.
16:47 of 1st period - Stopped by Joel Hofer with a rebound.
17:00 of 1st period - Minor Penalty to Trent Frederic for Cross-checking.
17:01 of 1st period - Yakov Trenin wins face-off versus Barrett Hayton in Brampton Battalion zone.
17:05 of 1st period - Snap shot by Kole Lind.
17:05 of 1st period - Shot Blocked by Dennis Gilbert.
17:07 of 1st period - Slapshot by Dillon Simpson.
17:07 of 1st period - Deflect By Yakov Trenin.
17:07 of 1st period - Shot Blocked by Jake Bean.
17:07 of 1st period - Puck is out of play.
17:08 of 1st period - Owen Tippett wins face-off versus Yakov Trenin in Brampton Battalion zone.
17:21 of 1st period - Snap shot by Yakov Trenin.
17:21 of 1st period - Stopped by Garret Sparks with a rebound.
17:23 of 1st period - Wrist shot by Dillon Simpson.
17:23 of 1st period - Shot Hit the Post.
17:40 of 1st period - Snap shot by Nic Petan.
17:40 of 1st period - Shot Misses the Net.
17:42 of 1st period - Slapshot by Nic Petan.
17:42 of 1st period - Shot Misses the Net.
18:04 of 1st period - Kole Sherwood is hit by Keaton Middleton and loses puck.
18:54 of 1st period - Owen Tippett is hit by Kevin Stenlund and loses puck.
19:00 of 1st period - Penalty to Trent Frederic is over, Trent Frederic is back on ice.
19:15 of 1st period - Snap shot by Trent Frederic.
19:15 of 1st period - Shot Misses the Net.
19:17 of 1st period - Wrist shot by Frederik Gauthier.
19:17 of 1st period - Shot Misses the Net.
19:19 of 1st period - Slapshot by Jake Bean.
19:19 of 1st period - Shot Blocked by Jacob Perreault.
19:36 of 1st period - Snap shot by Chase De Leo.
19:36 of 1st period - Stopped by Garret Sparks without a rebound.
19:37 of 1st period - Paul Cotter wins face-off versus Benoit-Olivier Groulx in Brampton Battalion zone.
Goals for this period are 1 for Brampton Battalion vs 0 for Victoriaville Tigres.
Shots for this period are 16 for Brampton Battalion vs 11 for Victoriaville Tigres.

2nd period


0:01 of 2nd period - Barrett Hayton wins face-off versus Nic Petan in neutral zone.
0:04 of 2nd period - Snap shot by Owen Tippett.
0:04 of 2nd period - Stopped by Joel Hofer with a rebound.
0:06 of 2nd period - Slapshot by Owen Tippett.
0:06 of 2nd period - Shot Misses the Net.
0:08 of 2nd period - Snap shot by Jake Bean.
0:08 of 2nd period - Deflect By Kevin Stenlund.
0:08 of 2nd period - Stopped by Joel Hofer with a rebound.
0:10 of 2nd period - Snap shot by Owen Tippett.
0:10 of 2nd period - Stopped by Joel Hofer with a rebound.
0:12 of 2nd period - Slapshot by Dennis Gilbert.
0:12 of 2nd period - Shot Blocked by Alexandre Carrier.
0:14 of 2nd period - Snap shot by Barrett Hayton.
0:14 of 2nd period - Stopped by Joel Hofer with a rebound.
0:16 of 2nd period - Snap shot by Barrett Hayton.
0:16 of 2nd period - Stopped by Joel Hofer with a rebound.
0:26 of 2nd period - Alexandre Carrier is hit by Jake Bean and loses puck.
0:35 of 2nd period - Jake Bean is hit by Jalen Chatfield and loses puck.
1:03 of 2nd period - Slapshot by Kole Sherwood.
1:03 of 2nd period - Deflect By James Sanchez.
1:03 of 2nd period - Stopped by Joel Hofer with a rebound.
1:15 of 2nd period - Slapshot by Kevin Stenlund.
1:15 of 2nd period - Shot Blocked by James Sanchez.
1:33 of 2nd period - Snap shot by James Sanchez.
1:33 of 2nd period - Shot Misses the Net.
1:35 of 2nd period - Slapshot by Zach Trotman.
1:35 of 2nd period - Stopped by Joel Hofer with a rebound.
1:37 of 2nd period - Slapshot by Paul Cotter.
1:37 of 2nd period - Stopped by Joel Hofer without a rebound.
1:37 of 2nd period - Minor Penalty to Joel Hofer for Slashing.
1:38 of 2nd period - Yakov Trenin wins face-off versus Barrett Hayton in Victoriaville Tigres zone.
2:22 of 2nd period - Off-side.
2:23 of 2nd period - Barrett Hayton wins face-off versus Tyler Steenbergen in neutral zone.
2:32 of 2nd period - Wrist shot by Tyler Steenbergen.
2:32 of 2nd period - Shot Blocked by Cam Dineen.
3:18 of 2nd period - Tyler Steenbergen is hit by Frederik Gauthier and loses puck.
3:37 of 2nd period - Penalty to Greg McKegg is over, Greg McKegg is back on ice.
3:49 of 2nd period - Snap shot by Greg McKegg.
3:49 of 2nd period - Shot Misses the Net.
3:53 of 2nd period - Slapshot by Greg McKegg.
3:53 of 2nd period - Shot Misses the Net.
4:03 of 2nd period - Snap shot by Yakov Trenin.
4:03 of 2nd period - Shot Misses the Net.
4:05 of 2nd period - Wrist shot by Yakov Trenin.
4:05 of 2nd period - Shot Misses the Net.
4:07 of 2nd period - Snap shot by Yakov Trenin.
4:07 of 2nd period - Stopped by Garret Sparks with a rebound.
4:09 of 2nd period - Snap shot by Benoit-Olivier Groulx.
4:09 of 2nd period - Stopped by Garret Sparks with a rebound.
4:11 of 2nd period - Slapshot by Dillon Simpson.
4:11 of 2nd period - Shot Blocked by James Sanchez.
4:17 of 2nd period - Snap shot by Benoit-Olivier Groulx.
4:17 of 2nd period - Shot Blocked by Paul Cotter.
4:24 of 2nd period - Icing by Paul Cotter.
4:25 of 2nd period - Chase De Leo wins face-off versus Paul Cotter in Brampton Battalion zone.
4:28 of 2nd period - Slapshot by Chase De Leo.
4:28 of 2nd period - Stopped by Garret Sparks without a rebound.
4:29 of 2nd period - Barrett Hayton wins face-off versus Chase De Leo in Brampton Battalion zone.
4:37 of 2nd period - Off-side.
4:38 of 2nd period - Chase De Leo wins face-off versus Barrett Hayton in neutral zone.
5:03 of 2nd period - Barrett Hayton is hit by Jacob Perreault and loses puck.
5:10 of 2nd period - Snap shot by Barrett Hayton.
5:10 of 2nd period - Shot Misses the Net.
5:12 of 2nd period - Slapshot by Cam Dineen.
5:12 of 2nd period - Shot Misses the Net.
5:14 of 2nd period - Slapshot by Martin Kaut.
5:14 of 2nd period - Shot Misses the Net.
5:16 of 2nd period - Slapshot by Zach Trotman.
5:16 of 2nd period - Stopped by Joel Hofer with a rebound.
5:18 of 2nd period - Wrist shot by Martin Kaut.
5:18 of 2nd period - Stopped by Joel Hofer without a rebound.
5:19 of 2nd period - Nic Petan wins face-off versus Frederik Gauthier in Victoriaville Tigres zone.
6:04 of 2nd period - Wrist shot by Morgan Geekie.
6:04 of 2nd period - Shot Misses the Net.
6:06 of 2nd period - Snap shot by Frederik Gauthier.
6:06 of 2nd period - Shot Misses the Net.
6:08 of 2nd period - Snap shot by Trent Frederic.
6:08 of 2nd period - Shot Misses the Net.
6:10 of 2nd period - Wrist shot by Frederik Gauthier.
6:10 of 2nd period - Shot Misses the Net.
6:12 of 2nd period - Snap shot by Morgan Geekie.
6:12 of 2nd period - Shot Misses the Net.
6:14 of 2nd period - Snap shot by Morgan Geekie.
6:14 of 2nd period - Shot Blocked by Alexandre Carrier.
6:16 of 2nd period - Slapshot by Trent Frederic.
6:16 of 2nd period - Stopped by Joel Hofer with a rebound.
6:20 of 2nd period - Snap shot by Frederik Gauthier.
6:20 of 2nd period - Shot Misses the Net.
6:22 of 2nd period - Slapshot by Hunter Skinner.
6:22 of 2nd period - Stopped by Joel Hofer with a rebound.
6:37 of 2nd period - Snap shot by Frederik Gauthier.
6:37 of 2nd period - Shot Blocked by Dillon Simpson.
6:39 of 2nd period - Snap shot by Morgan Geekie.
6:39 of 2nd period - Stopped by Joel Hofer without a rebound.
6:40 of 2nd period - Nic Petan wins face-off versus Barrett Hayton in Victoriaville Tigres zone.
6:40 of 2nd period - Nic Petan is hit by Martin Kaut.
7:08 of 2nd period - Jalen Chatfield is hit by Paul Cotter and loses puck.
7:28 of 2nd period - Off-side.
7:29 of 2nd period - Chase De Leo wins face-off versus Mark Kastelic in neutral zone.
7:57 of 2nd period - Snap shot by Kole Lind.
7:57 of 2nd period - Stopped by Garret Sparks with a rebound.
7:59 of 2nd period - Slapshot by Stefan Matteau.
7:59 of 2nd period - Stopped by Garret Sparks with a rebound.
8:01 of 2nd period - Wrist shot by Stefan Matteau.
8:01 of 2nd period - Stopped by Garret Sparks with a rebound.
8:13 of 2nd period - Wrist shot by Jacob Perreault.
8:13 of 2nd period - Shot Misses the Net.
8:19 of 2nd period - Dillon Simpson is hit by Hunter Skinner and loses puck.
8:32 of 2nd period - Dennis Gilbert is hit by Greg McKegg and loses puck.
9:45 of 2nd period - Icing by Isaak Phillips.
9:46 of 2nd period - Frederik Gauthier wins face-off versus Nic Petan in Victoriaville Tigres zone.
9:55 of 2nd period - Slapshot by Frederik Gauthier.
9:55 of 2nd period - Stopped by Joel Hofer with a rebound.
9:57 of 2nd period - Wrist shot by Trent Frederic.
9:57 of 2nd period - Stopped by Joel Hofer without a rebound.
9:58 of 2nd period - Barrett Hayton wins face-off versus Yakov Trenin in Victoriaville Tigres zone.
10:30 of 2nd period - Snap shot by Morgan Geekie.
10:30 of 2nd period - Shot Blocked by Alexandre Carrier.
10:50 of 2nd period - Dillon Simpson is hit by Paul Cotter and loses puck.
12:17 of 2nd period - Snap shot by Kevin Stenlund.
12:17 of 2nd period - Stopped by Garret Sparks with a rebound.
13:19 of 2nd period - Owen Tippett is hit by Yakov Trenin and loses puck.
13:43 of 2nd period - Wrist shot by Kole Sherwood.
13:43 of 2nd period - Goal by Kole Sherwood - Brampton Battalion : 2 - Victoriaville Tigres : 0.
13:44 of 2nd period - Yakov Trenin wins face-off versus Barrett Hayton in neutral zone.
13:47 of 2nd period - Backhand shot by Kole Lind.
13:47 of 2nd period - Stopped by Garret Sparks with a rebound.
13:59 of 2nd period - Snap shot by Owen Tippett.
13:59 of 2nd period - Stopped by Joel Hofer without a rebound.
14:00 of 2nd period - Kevin Stenlund wins face-off versus Frederik Gauthier in Victoriaville Tigres zone.
14:26 of 2nd period - Jake Bean is hit by Kole Lind and loses puck.
14:53 of 2nd period - James Sanchez is hit by Tyler Steenbergen and loses puck.
15:16 of 2nd period - Snap shot by Austin Poganski.
15:16 of 2nd period - Stopped by Joel Hofer with a rebound.
15:38 of 2nd period - Wrist shot by Frederik Gauthier.
15:38 of 2nd period - Stopped by Joel Hofer with a rebound.
15:40 of 2nd period - Slapshot by Zach Trotman.
15:40 of 2nd period - Deflect By Yakov Trenin.
15:40 of 2nd period - Stopped by Joel Hofer without a rebound.
15:41 of 2nd period - Barrett Hayton wins face-off versus Nic Petan in Victoriaville Tigres zone.
15:47 of 2nd period - Off-side.
15:48 of 2nd period - Nic Petan wins face-off versus Barrett Hayton in neutral zone.
15:51 of 2nd period - Slapshot by Dillon Simpson.
15:51 of 2nd period - Shot Blocked by Martin Kaut.
15:57 of 2nd period - Snap shot by Nic Petan.
15:57 of 2nd period - Stopped by Garret Sparks with a rebound.
15:59 of 2nd period - Slapshot by Dillon Simpson.
15:59 of 2nd period - Shot Misses the Net.
16:01 of 2nd period - Wrist shot by Nic Petan.
16:01 of 2nd period - Shot Misses the Net.
16:55 of 2nd period - Wrist shot by Benoit-Olivier Groulx.
16:55 of 2nd period - Stopped by Garret Sparks with a rebound.
17:09 of 2nd period - Snap shot by Jacob Perreault.
17:09 of 2nd period - Goal by Jacob Perreault - Brampton Battalion : 2 - Victoriaville Tigres : 1.
17:10 of 2nd period - Frederik Gauthier wins face-off versus Nic Petan in neutral zone.
17:19 of 2nd period - Wrist shot by Frederik Gauthier.
17:19 of 2nd period - Goal by Frederik Gauthier - Brampton Battalion : 3 - Victoriaville Tigres : 1.
17:20 of 2nd period - Frederik Gauthier wins face-off versus Nic Petan in neutral zone.
17:22 of 2nd period - Dennis Gilbert beats up Greg McKegg.
17:22 of 2nd period - Penalty to Greg McKegg for Fighting.
17:22 of 2nd period - Penalty to Dennis Gilbert for Fighting.
17:23 of 2nd period - Barrett Hayton wins face-off versus Nic Petan in neutral zone.
17:28 of 2nd period - Snap shot by Owen Tippett.
17:28 of 2nd period - Shot Misses the Net.
17:48 of 2nd period - Stefan Matteau is hit by Trent Frederic and loses puck.
18:09 of 2nd period - Snap shot by Stefan Matteau.
18:09 of 2nd period - Shot Misses the Net.
18:12 of 2nd period - Icing by Paul Cotter.
18:13 of 2nd period - Benoit-Olivier Groulx wins face-off versus James Sanchez in Brampton Battalion zone.
18:49 of 2nd period - Slapshot by Jacob Perreault.
18:49 of 2nd period - Stopped by Garret Sparks with a rebound.
18:51 of 2nd period - Wrist shot by Tyler Steenbergen.
18:51 of 2nd period - Shot Misses the Net.
18:59 of 2nd period - Wrist shot by Jacob Perreault.
18:59 of 2nd period - Shot Misses the Net.
19:11 of 2nd period - Wrist shot by Benoit-Olivier Groulx.
19:11 of 2nd period - Deflect By Jacob Perreault.
19:11 of 2nd period - Shot Blocked by Zach Trotman.
19:11 of 2nd period - Puck is out of play.
19:12 of 2nd period - Barrett Hayton wins face-off versus Nic Petan in Brampton Battalion zone.
19:37 of 2nd period - Leon Gawanke is hit by Yakov Trenin.
Goals for this period are 2 for Brampton Battalion vs 1 for Victoriaville Tigres.
Shots for this period are 21 for Brampton Battalion vs 12 for Victoriaville Tigres.

3rd period


0:01 of 3rd period - Barrett Hayton wins face-off versus Nic Petan in neutral zone.
0:54 of 3rd period - Austin Poganski is hit by Tyler Steenbergen.
1:12 of 3rd period - Nic Petan is hit by Paul Cotter and loses puck.
1:34 of 3rd period - Off-side.
1:35 of 3rd period - Yakov Trenin wins face-off versus Morgan Geekie in neutral zone.
2:00 of 3rd period - Hunter Skinner is hit by Nic Petan.
2:26 of 3rd period - Snap shot by Paul Cotter.
2:26 of 3rd period - Shot Misses the Net.
2:28 of 3rd period - Slapshot by Leon Gawanke.
2:28 of 3rd period - Shot Blocked by Keaton Middleton.
2:39 of 3rd period - Icing by Kevin Stenlund.
2:40 of 3rd period - Nic Petan wins face-off versus Mark Kastelic in Victoriaville Tigres zone.
2:54 of 3rd period - Snap shot by Nic Petan.
2:54 of 3rd period - Stopped by Garret Sparks with a rebound.
3:12 of 3rd period - Wrist shot by Alexandre Carrier.
3:12 of 3rd period - Stopped by Garret Sparks with a rebound.
3:14 of 3rd period - Snap shot by Benoit-Olivier Groulx.
3:14 of 3rd period - Stopped by Garret Sparks without a rebound.
3:15 of 3rd period - Nic Petan wins face-off versus Barrett Hayton in Brampton Battalion zone.
3:26 of 3rd period - Wrist shot by Barrett Hayton.
3:26 of 3rd period - Shot Blocked by Dillon Simpson.
3:28 of 3rd period - Slapshot by Zach Trotman.
3:28 of 3rd period - Shot Misses the Net.
3:30 of 3rd period - Snap shot by Owen Tippett.
3:30 of 3rd period - Stopped by Joel Hofer with a rebound.
3:40 of 3rd period - Greg McKegg is hit by James Sanchez and loses puck.
3:56 of 3rd period - Minor Penalty to Kevin Stenlund for Interference.
3:57 of 3rd period - Barrett Hayton wins face-off versus Nic Petan in Victoriaville Tigres zone.
3:57 of 3rd period - Wrist shot by Owen Tippett.
3:57 of 3rd period - Shot Misses the Net.
3:59 of 3rd period - Slapshot by Dennis Gilbert.
3:59 of 3rd period - Stopped by Joel Hofer without a rebound.
4:00 of 3rd period - Nic Petan wins face-off versus Barrett Hayton in Victoriaville Tigres zone.
4:00 of 3rd period - Nic Petan is hit by Dennis Gilbert.
4:11 of 3rd period - Snap shot by Dennis Gilbert.
4:11 of 3rd period - Shot Misses the Net.
4:13 of 3rd period - Wrist shot by Owen Tippett.
4:13 of 3rd period - Shot Misses the Net.
4:15 of 3rd period - Snap shot by Owen Tippett.
4:15 of 3rd period - Goal by Owen Tippett - Brampton Battalion : 4 - Victoriaville Tigres : 1.
4:16 of 3rd period - Greg McKegg wins face-off versus Barrett Hayton in neutral zone.
4:43 of 3rd period - Icing by Barrett Hayton.
4:44 of 3rd period - Frederik Gauthier wins face-off versus Yakov Trenin in Brampton Battalion zone.
4:55 of 3rd period - Snap shot by Yakov Trenin.
4:55 of 3rd period - Stopped by Garret Sparks with a rebound.
4:57 of 3rd period - Wrist shot by Yakov Trenin.
4:57 of 3rd period - Stopped by Garret Sparks with a rebound.
4:59 of 3rd period - Wrist shot by Stefan Matteau.
4:59 of 3rd period - Shot Misses the Net.
5:09 of 3rd period - Morgan Geekie is hit by Benoit-Olivier Groulx and loses puck.
5:16 of 3rd period - Snap shot by Jacob Perreault.
5:16 of 3rd period - Stopped by Garret Sparks with a rebound.
5:18 of 3rd period - Wrist shot by Tyler Steenbergen.
5:18 of 3rd period - Shot Blocked by Trent Frederic.
5:20 of 3rd period - Snap shot by Benoit-Olivier Groulx.
5:20 of 3rd period - Shot Blocked by Cam Dineen.
5:22 of 3rd period - Slapshot by Jacob Perreault.
5:22 of 3rd period - Stopped by Garret Sparks with a rebound.
5:28 of 3rd period - Minor Penalty to Trent Frederic for Holding.
5:29 of 3rd period - Nic Petan wins face-off versus Owen Tippett in Brampton Battalion zone.
6:02 of 3rd period - Dennis Gilbert is hit by Stefan Matteau and loses puck.
7:14 of 3rd period - Jake Bean is hit by Kole Lind and loses puck.
7:28 of 3rd period - Penalty to Trent Frederic is over, Trent Frederic is back on ice.
8:05 of 3rd period - Snap shot by Frederik Gauthier.
8:05 of 3rd period - Stopped by Joel Hofer with a rebound.
8:41 of 3rd period - Snap shot by Kevin Stenlund.
8:41 of 3rd period - Stopped by Garret Sparks with a rebound.
9:24 of 3rd period - Greg McKegg is hit by Hunter Skinner and loses puck.
10:04 of 3rd period - Minor Penalty to James Sanchez for Diving.
10:05 of 3rd period - Owen Tippett wins face-off versus Nic Petan in Brampton Battalion zone.
10:16 of 3rd period - Snap shot by Kevin Stenlund.
10:16 of 3rd period - Stopped by Garret Sparks without a rebound.
10:17 of 3rd period - Nic Petan wins face-off versus Owen Tippett in Brampton Battalion zone.
11:44 of 3rd period - Greg McKegg is hit by Trent Frederic and loses puck.
12:04 of 3rd period - Penalty to James Sanchez is over, James Sanchez is back on ice.
12:20 of 3rd period - James Sanchez is hit by Tyler Steenbergen and loses puck.
14:17 of 3rd period - Slapshot by Jalen Chatfield.
14:17 of 3rd period - Deflect By Josiah Slavin.
14:17 of 3rd period - Shot Misses the Net.
14:17 of 3rd period - Puck is out of play.
14:18 of 3rd period - Frederik Gauthier wins face-off versus Chase De Leo in Brampton Battalion zone.
14:31 of 3rd period - Snap shot by Josiah Slavin.
14:31 of 3rd period - Stopped by Garret Sparks without a rebound.
14:32 of 3rd period - Nic Petan wins face-off versus Barrett Hayton in Brampton Battalion zone.
14:48 of 3rd period - Minor Penalty to Martin Kaut for Slashing.
14:49 of 3rd period - Owen Tippett wins face-off versus Nic Petan in Brampton Battalion zone.
15:21 of 3rd period - Wrist shot by Kole Lind.
15:21 of 3rd period - Shot Blocked by Dennis Gilbert.
16:03 of 3rd period - Jalen Chatfield is hit by Trent Frederic and loses puck.
16:48 of 3rd period - Penalty to Martin Kaut is over, Martin Kaut is back on ice.
16:55 of 3rd period - Chase De Leo is hit by Kole Sherwood and loses puck.
17:02 of 3rd period - Kole Sherwood is hit by Keaton Middleton and loses puck.
17:27 of 3rd period - Trent Frederic is hit by Tyler Steenbergen and loses puck.
17:50 of 3rd period - Barrett Hayton is hit by Chase De Leo and loses puck.
18:49 of 3rd period - Frederik Gauthier is hit by Kole Lind and loses puck.
19:26 of 3rd period - Kevin Stenlund is hit by Barrett Hayton and loses puck.
19:33 of 3rd period - Leon Gawanke is hit by Kevin Stenlund and loses puck.
Goals for this period are 1 for Brampton Battalion vs 0 for Victoriaville Tigres.
Shots for this period are 4 for Brampton Battalion vs 10 for Victoriaville Tigres.